Map: Neon Violet Square LE

Players

coochiedaddy

  • Race: Protoss Protoss
  • League: Platinum
  • Spawn Location: 5:00

Carsoncho - Winner!

  • Race: Zerg Zerg
  • Spawn Location: 11:00

VOD

Have the link to the VOD?

Description

Cannon rush to start. Would love to know how I could have improved this for a more efficient ending rather than bashing my head into him.

Time

  • Played on: Feb. 28, 2025, 6:46 p.m.
  • Length: 19:56
Show
View Real Time Build Order
Export as new Build Order

coochiedaddy Protoss 

Build Orders:  

Get SALT Encoding   

  12  0:12  Pylon  
  12  0:20  Probe  
  13  0:35  Probe  
  14  0:40  Forge  
  14  0:47  Probe  
  15  0:54  Pylon  
  15  0:59  Probe  
  16  1:15  Photon Cannon  
  16  1:18  Gateway  
  16  1:30  Photon Cannon  
  16  1:34  Probe  
  17  1:42  Pylon  
  17  1:46  Probe  
  18  1:48  Assimilator  
  18  1:57  Zealot  
  18  2:04  Photon Cannon  
  20  2:19  Probe, Assimilator  
  21  2:27  Zealot  
  23  2:32  Probe  
  24  2:40  Probe  
  25  2:48  Probe  
  25  2:54  Cybernetics Core  
  26  2:58  Gateway  
  23  3:39  Stalker  
  23  3:40  Probe  
  26  3:51  Stargate  
  26  3:52  Probe  
  27  4:04  Probe  
  28  4:10  Pylon  
  28  4:16  Probe  
  29  4:23  Nexus  
  29  4:34  Void Ray  
  27  4:45  Stargate  
  29  5:05  Probe  
  29  5:06  Fleet Beacon  
  30  5:17  Photon Cannon  
  30  5:23  Protoss Air Weapons Level 1  
  30  5:26  Pylon  
  30  5:50  Pylon  
  30  5:52  Tempest  
  34  6:06  Oracle  
  37  6:16  Probe  
  38  6:27  Pylon  
  38  6:28  Probe  
  38  6:29  Pylon  
  39  6:45  Tempest, Probe  
  44  7:00  Nexus  
  44  7:21  Pylon  
  44  7:41  Tempest  
  48  7:45  Photon Cannon  
  48  7:49  Photon Cannon  
  49  7:51  Probe  
  49  8:03  Probe  
  50  8:07  Assimilator  
  50  8:13  Assimilator  
  46  8:57  Unknown  
  46  9:18  Tempest x2  
  46  9:24  Probe x2  
  53  9:36  Probe x2  
  55  9:44  Nexus  
  55  9:46  Pylon  
  55  9:48  Probe  
  56  10:00  Twilight Council  
  56  10:01  Tempest x2  
  56  10:03  Gateway, Photon Cannon  
  56  10:05  Shield Battery, Gateway  
  56  10:06  Pylon  
  64  10:15  Probe x2  
  66  10:23  Probe  
  66  10:24  Probe  
  68  10:31  Photon Cannon  
  68  10:32  Probe x2  
  68  10:34  Warp Gate  
  70  10:44  Probe  
  67  11:48  Void Ray x2  
  67  11:50  Protoss Ground Weapons Level 1  
  67  11:57  Gateway  
  67  12:06  Gateway  
  67  12:09  Gateway  
  67  12:11  Probe x2  
  67  12:12  Probe, Gateway  
  70  12:16  Twilight Council  
  70  12:19  Pylon  
  70  12:22  Pylon  
  70  12:23  Probe x2  
  70  12:24  Probe  
  81  12:31  Void Ray x2  
  81  12:35  Probe  
  81  12:36  Probe  
  80  12:56  Photon Cannon  
  80  13:00  Photon Cannon  
  80  13:03  Stalker x2, Assimilator  
  84  13:06  Assimilator  
  84  13:07  Stalker  
  94  13:13  Blink  
  94  13:14  Void Ray x2  
  94  13:19  Probe x3  
  97  13:31  Probe  
  97  13:32  Stalker x3  
  104  13:35  Stalker  
  104  13:40  Stalker  
  108  13:46  Pylon  
  108  13:54  Probe, Templar Archives  
  108  13:55  Probe x2  
  67  14:27  Zealot x2  
  67  14:28  Zealot x5  
  62  14:51  High Templar x3  
  62  14:52  High Templar x4  
  61  14:56  Archon x3  
  46  15:33  Nexus  
  46  15:37  Pylon  
  46  15:41  Photon Cannon  
  46  15:44  High Templar x3  
  46  15:45  High Templar x4  
  46  15:49  Probe  
  60  15:50  Archon x3  
  60  15:53  Probe  
  62  15:57  Probe  
  63  16:05  Probe  
  63  16:07  Probe, Photon Cannon  
  65  16:17  Probe  
  66  16:18  High Templar x2  
  66  16:19  Probe  
  66  16:24  High Templar  
  66  16:25  Archon  
  73  16:29  Archon  
  73  16:33  Charge  
  73  16:52  Nexus  
  73  17:04  Zealot x2  
  73  17:05  Zealot x3  
  64  17:33  Stalker x4  
  64  17:34  Stalker x3  
  78  17:48  Nexus  
  44  18:35  High Templar x3  
  44  18:36  High Templar  
  44  18:39  Zealot x3  
  58  18:42  Archon x2  
  58  18:49  Probe x2  
  60  19:01  Probe x2  
  60  19:02  Zealot x3  
  68  19:05  Pylon  
  68  19:13  Probe  
  59  19:27  Stalker  
  59  19:28  Stalker x4  
Show
View Real Time Build Order
Export as new Build Order

Carsoncho Zerg - Winner!

Build Orders: Hatch First 

Get SALT Encoding   

  12  0:00  Drone  
  13  0:12  Overlord  
  13  0:20  Drone  
  14  0:32  Drone x2  
  16  0:50  Hatchery  
  16  0:53  Drone  
  16  0:57  Drone  
  17  1:00  Drone  
  18  1:11  Extractor  
  17  1:21  Spawning Pool  
  17  1:22  Extractor  
  15  1:32  Drone  
  15  1:33  Drone x2  
  18  1:56  Drone x2  
  20  2:03  Overlord  
  20  2:11  Roach Warren  
  20  2:13  Zergling x4  
  20  2:14  Queen  
  23  2:29  Overlord  
  23  2:35  Overlord  
  23  2:50  Roach  
  25  2:56  Roach x3  
  32  3:05  Drone  
  32  3:06  Spine Crawler  
  31  3:13  Zergling x2  
  31  3:29  Roach  
  31  3:30  Roach x2  
  33  3:40  Zergling x2  
  32  3:47  Queen  
  34  3:48  Roach  
  35  4:03  Roach  
  35  4:05  Ravager x2  
  39  4:10  Metabolic Boost  
  39  4:11  Overlord  
  39  4:45  Zergling x14  
  46  5:14  Drone x4  
  46  5:20  Overlord  
  47  5:37  Lair  
  44  5:53  Drone  
  44  5:54  Drone x12  
  55  5:57  Queen  
  55  6:09  Overlord  
  54  6:22  Drone  
  54  6:23  Drone  
  54  6:24  Drone x2, Hatchery  
  57  6:29  Overlord  
  57  6:33  Ravager  
  57  6:34  Spore Crawler  
  57  6:36  Spore Crawler  
  57  6:37  Overseer  
  57  6:38  Overseer  
  56  6:53  Spire  
  55  6:54  Extractor  
  55  6:57  Extractor  
  53  7:26  Spore Crawler  
  52  7:39  Queen  
  52  7:40  Glial Reconstitution  
  52  7:43  Drone x3  
  52  7:44  Drone x3  
  59  7:45  Drone x3  
  59  7:46  Drone  
  59  7:49  Drone x11  
  75  7:57  Drone  
  76  8:01  Drone  
  77  8:06  Mutalisk  
  77  8:07  Mutalisk  
  77  8:09  Overlord x2  
  81  8:20  Spore Crawler  
  80  8:27  Queen  
  80  8:28  Overlord x2  
  80  8:30  Hatchery  
  81  8:36  Corruptor  
  81  8:42  Mutalisk  
  81  8:43  Mutalisk x2  
  87  8:52  Corruptor  
  86  9:02  Drone x3  
  81  9:12  Hatchery  
  74  9:37  Corruptor  
  74  9:38  Corruptor x3  
  78  9:40  Zergling x14  
  83  9:49  Extractor  
  83  9:50  Extractor  
  81  10:00  Queen  
  81  10:02  Spore Crawler  
  82  10:08  Corruptor x2  
  86  10:26  Zerg Flyer Weapons Level 1  
  86  10:35  Drone x6  
  92  10:36  Zergling x14  
  99  10:57  Corruptor x2  
  99  10:59  Overlord x3  
  99  11:00  Zergling x2  
  99  11:02  Overlord x2  
  99  11:03  Overlord  
  104  11:22  Corruptor x3  
  106  11:48  Zergling x2  
  106  11:51  Hatchery  
  106  12:02  Lair  
  106  12:04  Baneling Nest  
  105  12:12  Hatchery  
  105  12:15  Overlord x2  
  104  12:16  Overlord, Zergling x2  
  104  12:17  Zergling x14  
  104  12:20  Zerg Flyer Armor Level 1  
  112  12:25  Drone  
  113  12:31  Hatchery  
  112  13:01  Drone x2  
  112  13:02  Drone x3  
  117  13:09  Corruptor x6  
  128  13:25  Overseer  
  128  13:26  Infestation Pit  
  127  13:30  Drone  
  127  13:32  Drone x2  
  127  13:33  Drone x4  
  134  13:35  Overseer  
  134  13:41  Zergling x26  
  147  13:48  Evolution Chamber x2  
  146  13:53  Extractor  
  146  13:54  Extractor  
  146  13:55  Drone x3  
  146  13:57  Overseer  
  146  14:02  Queen  
  146  14:07  Zergling x20  
  146  14:08  Zergling x10  
  109  14:50  Zergling x50  
  126  14:58  Zerg Missile Weapons Level 1  
  126  14:59  Zerg Ground Armor Level 1  
  125  15:04  Zergling x16  
  125  15:05  Zergling x2  
  131  15:12  Overseer  
  126  15:19  Corruptor x8  
  142  15:22  Zerg Flyer Weapons Level 2  
  142  15:27  Hive  
  142  15:28  Overseer  
  142  15:31  Drone x5  
  147  15:37  Queen  
  147  15:39  Queen  
  151  15:46  Spore Crawler  
  150  15:52  Centrifugal Hooks  
  150  16:01  Baneling x15  
  150  16:14  Drone x3  
  150  16:15  Drone x2  
  155  16:26  Hatchery  
  154  16:36  Baneling x10  
  154  16:37  Zergling x52  
  154  16:39  Overlord x3  
  180  16:59  Adrenal Glands  
  180  17:01  Zerg Missile Weapons Level 2, Zerg Ground Armor Level 2  
  138  17:23  Zergling x12  
  138  17:24  Zergling x40  
  136  17:40  Drone, Corruptor x5  
  136  17:41  Corruptor x3  
  147  17:49  Overlord  
  147  17:54  Zergling x18  
  156  18:01  Ultralisk Cavern  
  156  18:03  Spore Crawler  
  154  18:09  Extractor  
  154  18:10  Extractor  
  152  18:15  Zergling x24  
  152  18:16  Zergling x2  
  162  18:22  Corruptor x2  
  147  18:33  Zergling x8  
  147  18:34  Zergling x10  
  149  18:38  Baneling x9  
  149  18:39  Baneling x3  
  149  19:03  Zergling x36  
Tags
 
Add a new tag
Caveats
  • Supply blocks, unpowered buildings, or Contaminate may cause inaccurate times.
  • Supply counts are checked every 10 seconds.